 Dungeon Sprint DCSS version 0.29.1-12-g30fa7ad0bf (webtiles) character file.

Game seed: 7875537279979040724

40610 retardedninja the Executioner (level 13, -2/141 HPs)
             Began as a Minotaur Fighter on Dec 16, 2022.
             Was the Champion of Trog.
             Slain by a white very ugly thing (51 damage)
             ... in the Dungeon (Sprint IX: "|||||||||||||||||||||||||||||").
             The game lasted 00:15:53 (5107 turns).

retardedninja the Executioner (Minotaur Fighter)    Turns: 5107, Time: 00:15:54

Health: -2/141     AC: 26    Str: 29    XL:     13   Next: 75%
Magic:  12/12      EV: 14    Int:  5    God:    Trog [******]
Gold:   262        SH: 14    Dex: 12    Spells: 12/12 levels left

rFire   . . .      SeeInvis .   l - +3 broad axe (vorpal)
rCold   . . .      Faith    .   m - +0 kite shield
rNeg    . . .      Spirit   .   w - +2 shadow dragon scales
rPois   .          Reflect  .   (helmet restricted)
rElec   .          Harm     .   (no cloak)
rCorr   .          Rampage  .   k - +0 pair of gloves "Otoeb" {Str+2}
Will    ++...      NoTele   +   n - +0 pair of boots
Stlth   +++.......              (no amulet)
HPRegen 1.33/turn               p - +2 ring of evasion
MPRegen 0.13/turn               q - +3 ring of strength

@: strong-willed, regenerating, invisible
A: horns 2, retaliatory headbutt
a: Renounce Religion, Berserk, Trog's Hand, Brothers in Arms


You were in the Dungeon.
You worshipped Trog.
Trog was exalted by your worship.
You visited 1 branch You collected 1924 gold pieces.
You spent 1662 gold pieces at shops.

Inventory:

Hand Weapons
 l - a +3 vorpal broad axe (weapon)
Armour
 k - the +0 pair of gloves "Otoeb" (worn) {Str+2}
   (You bought it in a shop in the Dungeon)

   Str:       It affects your strength (+2).
 m - a +0 kite shield (worn)
 n - a +0 pair of boots (worn)
 w - +2 shadow dragon scales (worn)
Jewellery
 a - a ring of poison resistance
 c - a ring of see invisible
 p - a +2 ring of evasion (left hand)
 q - a +3 ring of strength (right hand)
Wands
 o - a wand of charming (4)
 x - a wand of polymorph (11)
Scrolls
 i - a scroll of magic mapping
 j - 2 scrolls of blinking
 s - 4 scrolls of identify
 t - a scroll of fear
Potions
 b - a potion of resistance
 e - 5 potions of curing
 g - a potion of ambrosia
 h - 4 potions of magic
 u - a potion of haste
 v - a potion of might
Miscellaneous
 d - a lightning rod (2/4)


   Skills:
 + Level 20.6 Fighting
 * Level 25.3 Axes
 + Level 19.4 Armour
 - Level 8.9 Dodging
 + Level 2.6 Stealth
 + Level 18.8 Shields
 + Level 10.3 Evocations


You had 12 spell levels left.
You didn't know any spells.
Your spell library was empty.

Dungeon Overview and Level Annotations

Branches:
Dungeon (1/1)

Altars:
Cheibriados
Dithmenos
Elyvilon
Fedhas
Gozag
Hepliaklqana
Kikubaaqudgha
Makhleb
Nemelex Xobeh
Okawaru
Qazlal
Ru
Sif Muna
Trog
Uskayaw
Vehumet
Wu Jian
Xom
Yredelemnul
Zin
The Shining One
Jiyva
Lugonu

Shops:
D [[**


Innate Abilities, Weirdness & Mutations

You have a pair of horns on your head.
You reflexively headbutt those who attack you in melee.


Message History

Aim: a white very ugly thing The thunderbolt hits the fire dragon!
The fire dragon is lightly wounded.
The thunderbolt hits the deep troll shaman!
The deep troll shaman is moderately wounded.
The thunderbolt hits the ice dragon.
The ice dragon is lightly wounded.
The thunderbolt hits the white very ugly thing!
The white very ugly thing is lightly wounded.
The ice dragon breathes frost at you.
The blast of cold hits the white very ugly thing.
The white very ugly thing resists.
The blast of cold hits you!!!
Aiming: Thunderbolt
Press: ? - help, Q - select action, (/) - cycle Shift-Dir - straight line, f/p - white very ugly thing
Aim: a white very ugly thing (lightly wounded)
The thunderbolt hits the fire dragon!
The fire dragon is moderately wounded.
The thunderbolt hits the deep troll shaman!!
The deep troll shaman is almost dead.
The thunderbolt hits the ice dragon!!
The ice dragon is moderately wounded.
The thunderbolt hits the white very ugly thing!!
The white very ugly thing is heavily wounded.
The white very ugly thing stings you!
The white very ugly thing freezes you!!!
* * * LOW HITPOINT WARNING * * *
You fade into invisibility!
The white very ugly thing misses you. You furiously retaliate!
You headbutt the white very ugly thing!!
You feel much better.
The white very ugly thing stings you but does no damage.
Okay, then.
Your skin crawls.
You feel strong-willed. The ice dragon breathes frost at you.
The blast of cold hits the white very ugly thing!
The white very ugly thing resists.
The blast of cold misses you. The white very ugly thing stings you!
The white very ugly thing freezes you!!!
You die...

.▓.▓.▓.▓[▓.▓)▓.▓
.▓.▓.▓.▓.▓.▓.▓.▓.▓
.▓.▓.▓.▓)▓.▓.▓.▓p▓
'▓.▓.▓.▓)▓.▓.▓.▓C▓
)▓.▓.▓.▓)▓.▓.▓.▓D▓
.▓.▓)▓.▓)▓.▓.▓.▓T▓
.▓.▓.▓.▓)▓.▓.▓.▓D▓
.▓.▓)▓.▓)▓.▓.▓.▓u▓
.▓.▓)▓.▓)▓.▓)▓.▓@▓
.▓.▓)▓.▓)▓.▓)▓.▓.▓
.▓.▓)▓.▓.▓.▓)▓.▓.▓
?▓.▓)▓.▓.▓.▓)▓.▓.▓
.▓.▓.▓.▓.▓.▓)▓.▓.▓
.▓.▓.▓.▓.▓.▓.▓.▓.▓
.▓.▓.▓.▓.▓.▓.▓.▓.▓
.▓.▓.▓.▓'▓.▓.▓.▓.▓
!▓.▓.▓.▓.▓.▓.▓.▓.▓


You could see a white very ugly thing (unable to see you), a fire giant, a fire
dragon (unable to see you), an ice dragon (unable to see you, catching breath),
a deep troll shaman and a necromancer (unable to see you).

Vanquished Creatures
  A nagaraja (D)
  An eleionoma (D)
  An entropy weaver (D)
  A bunyip (D)
  A merfolk impaler (D)
  2 rakshasas (D)
  An ice dragon (D)
  3 hydras (D)
  3 ogre magi (D)
  A naga warrior (D)
  A spriggan air mage (D)
  2 boulder beetles (D)
  An alligator snapping turtle (D)
  3 centaur warriors (D)
  6 two-headed ogres (D)
  An orc high priest (D)
  A naga sharpshooter (D)
  A pharaoh ant (D)
  A sea snake (D)
  2 steelbarb worms (D)
  A wizard (D)
  A necromancer (D)
  2 orc knights (D)
  An ugly thing (D)
  2 manticores (D)
  A deep elf pyromancer (D)
  An orc sorcerer (D)
  2 wolf spiders (D)
  2 black mambas (D)
  A water nymph (D)
  2 cane toads (D)
  A torpor snail (D)
  A demonic crawler (D)
  A polar bear (D)
  A merfolk (D)
  A hornet (D)
  A slime creature (D)
  A snapping turtle (D)
  A blink frog (shapeshifter) (D)
  A jumping spider (D)
  A vampire (D)
  A spriggan (D)
  A wyvern (D)
  2 water elementals (D)
  A basilisk (D)
  A naga (D)
  An acid dragon (D)
  A warg (D)
  A hell hound (D)
  A water moccasin (D)
  8 orc warriors (D)
  2 ogres (D)
  7 wolves (D)
  A phantom (D)
  A scorpion (D)
  A howler monkey (D)
  3 orc priests (D)
  An iguana (D)
  3 orc wizards (D)
  An adder (D)
  7 orcs (D)
  A giant cockroach (D)
  2 goblins (D)
  A kobold (D)
  A ball python (D)
  A ball python simulacrum (D)
111 creatures vanquished.

Vanquished Creatures (collateral kills)
  A thorn hunter (D)
  A fenstrider witch (D)
  A stone giant (D)
  A bunyip (D)
  An ettin (D)
  A hydra (D)
  A two-headed ogre (D)
  A naga warrior (D)
  An orc knight (D)
  A guardian serpent (D)
  A salamander (D)
  A black mamba (D)
  2 cane toads (D)
  A bloated husk (D)
  3 blink frogs (D)
  A yak (D)
  A water moccasin (D)
  2 orc warriors (D)
  3 ogres (D)
  A briar patch (D)
26 creatures vanquished.

Vanquished Creatures (others)
  A tyrant leech (D)
  A vampire (D)
2 creatures vanquished.

Grand Total: 139 creatures vanquished

Notes
Turn   | Place    | Note
-------+----------+-------------------------------------------
     0 | D        | retardedninja the Minotaur Fighter began the quest for the
                  | Orb.
     0 | D        | Reached XP level 1. HP: 19/19 MP: 0/0
    19 | D        | Noticed an orc wizard
    19 | D        | Noticed a scorpion
    19 | D        | Noticed a phantom
    19 | D        | Noticed an iguana
    23 | D        | Killed an iguana
    24 | D        | Reached skill level 5 in Fighting
    24 | D        | Reached skill level 5 in Armour
    24 | D        | Reached skill level 5 in Shields
    24 | D        | Reached XP level 2. HP: 27/29 MP: 1/1
    24 | D        | Reached XP level 3. HP: 34/36 MP: 2/2
    24 | D        | Killed a phantom
    25 | D        | Reached skill level 1 in Dodging
    25 | D        | Reached XP level 4. HP: 45/47 MP: 3/3
    27 | D        | Killed a scorpion
    28 | D        | Reached XP level 5. HP: 55/56 MP: 4/4
   224 | D        | Found a snail-covered altar of Cheibriados.
   224 | D        | Found a shadowy altar of Dithmenos.
   224 | D        | Found a white marble altar of Elyvilon.
   224 | D        | Found a blossoming altar of Fedhas.
   224 | D        | Found an opulent altar of Gozag.
   225 | D        | Found a hazy altar of Hepliaklqana.
   226 | D        | Found a viscous altar of Jiyva.
   227 | D        | Found an ancient bone altar of Kikubaaqudgha.
   228 | D        | Found a corrupted altar of Lugonu.
   229 | D        | Found a burning altar of Makhleb.
   230 | D        | Found a sparkling altar of Nemelex Xobeh.
   231 | D        | Found an iron altar of Okawaru.
   232 | D        | Found a stormy altar of Qazlal.
   233 | D        | Found a sacrificial altar of Ru.
   234 | D        | Found a shimmering blue altar of Sif Muna.
   235 | D        | Found a bloodstained altar of Trog.
   236 | D        | Found a hide-covered altar of Uskayaw.
   237 | D        | Found a radiant altar of Vehumet.
   238 | D        | Found an ornate altar of the Wu Jian Council.
   239 | D        | Found a shimmering altar of Xom.
   240 | D        | Found a basalt altar of Yredelemnul.
   241 | D        | Found a glowing silver altar of Zin.
   242 | D        | Found a glowing golden altar of the Shining One.
   243 | D        | Became a worshipper of Trog the Wrathful
   297 | D        | Noticed an orc warrior
   297 | D        | Noticed a two-headed ogre
   297 | D        | Noticed an acid dragon
   297 | D        | Noticed a vampire
   297 | D        | Noticed a vampire
   303 | D        | Killed a vampire
   317 | D        | Reached skill level 3 in Axes
   317 | D        | Killed a vampire
   317 | D        | Reached * piety under Trog
   318 | D        | Reached skill level 5 in Axes
   318 | D        | Reached XP level 6. HP: 24/66 MP: 5/5
   318 | D        | Killed an orc warrior
   319 | D        | Reached skill level 10 in Fighting
   319 | D        | Reached skill level 6 in Axes
   320 | D        | Killed an acid dragon
   321 | D        | Reached skill level 7 in Axes
   321 | D        | Reached skill level 1 in Evocations
   321 | D        | Reached XP level 7. HP: 42/73 MP: 6/6
   322 | D        | Killed a two-headed ogre
   322 | D        | Reached ** piety under Trog
   323 | D        | Reached skill level 10 in Axes
   323 | D        | Reached skill level 10 in Armour
   323 | D        | Reached skill level 10 in Shields
   323 | D        | Reached XP level 8. HP: 48/83 MP: 7/7
   590 | D        | Noticed a centaur warrior
   590 | D        | Noticed a centaur warrior
   590 | D        | Noticed a centaur warrior
   590 | D        | Noticed a slime creature
   590 | D        | Noticed a four-headed hydra
   590 | D        | Noticed a two-headed ogre
   594 | D        | Killed a two-headed ogre
   594 | D        | Killed a centaur warrior
   595 | D        | Reached skill level 13 in Axes
   595 | D        | Reached XP level 9. HP: 69/93 MP: 8/8
   597 | D        | Killed a six-headed hydra
   598 | D        | Reached skill level 14 in Axes
   600 | D        | Reached *** piety under Trog
   603 | D        | Killed a centaur warrior
   604 | D        | Reached skill level 15 in Axes
   609 | D        | Killed a centaur warrior
   610 | D        | Reached XP level 10. HP: 76/103 MP: 9/9
   818 | D        | Noticed a boulder beetle
   818 | D        | Noticed a cane toad
   818 | D        | Noticed a seven-headed hydra
   820 | D        | Reached **** piety under Trog
   827 | D        | Killed a 12-headed hydra
   828 | D        | Reached skill level 16 in Axes
   828 | D        | Noticed a cane toad
   828 | D        | Killed a cane toad
   833 | D        | Killed a boulder beetle
   834 | D        | Reached skill level 17 in Axes
   836 | D        | Reached skill level 5 in Dodging
   837 | D        | Reached ***** piety under Trog
   852 | D        | Received a gift from Trog
   853 | D        | Reached skill level 15 in Fighting
   855 | D        | Killed a cane toad
   856 | D        | Reached skill level 1 in Stealth
  1491 | D        | Noticed a black mamba
  1491 | D        | Noticed a six-headed hydra
  1491 | D        | Noticed a cane toad
  1498 | D        | Killed a cane toad
  1500 | D        | Killed a six-headed hydra
  1501 | D        | Reached skill level 18 in Axes
  1501 | D        | Reached skill level 5 in Evocations
  1502 | D        | Killed a black mamba
  1503 | D        | Reached XP level 11. HP: 113/113 MP: 10/10
  1508 | D        | Received a gift from Trog
  1531 | D        | Reached skill level 19 in Axes
  1543 | D        | Received a gift from Trog
  1699 | D        | Reached ****** piety under Trog
  1699 | D        | Received a gift from Trog
  1713 | D        | Reached skill level 15 in Armour
  2082 | D        | Noticed an orc high priest
  2082 | D        | Noticed an orc knight
  2083 | D        | Noticed an orc knight
  2093 | D        | Killed an orc knight
  2108 | D        | Killed an orc high priest
  2109 | D        | Reached skill level 20 in Axes
  2113 | D        | Killed an orc knight
  2114 | D        | Noticed an orc sorcerer
  2131 | D        | Killed an orc sorcerer
  2131 | D        | Received a gift from Trog
  2477 | D        | Found Vin Fuc's General Store.
  2477 | D        | Noticed an ogre mage
  2477 | D        | Noticed a two-headed ogre
  2477 | D        | Noticed a two-headed ogre
  2484 | D        | Killed a two-headed ogre
  2490 | D        | Killed an ogre mage
  2492 | D        | Killed a two-headed ogre
  2493 | D        | Reached skill level 21 in Axes
  2495 | D        | Found Vafucw's General Store.
  2499 | D        | Found Izaeczeit's Antique Armour Boutique.
  2501 | D        | Noticed an ogre mage
  2502 | D        | Found Kerod Taadgh's Antique Armour Shop.
  2503 | D        | Noticed a two-headed ogre
  2504 | D        | Noticed a two-headed ogre
  2506 | D        | Killed an ogre mage
  2506 | D        | Received a gift from Trog
  2507 | D        | Reached skill level 15 in Shields
  2510 | D        | Killed a two-headed ogre
  2511 | D        | Reached XP level 12. HP: 117/125 MP: 11/11
  2511 | D        | Noticed a two-headed ogre
  2511 | D        | Noticed an ogre mage
  2515 | D        | Killed a two-headed ogre
  2518 | D        | Killed a two-headed ogre
  2525 | D        | Killed an ogre mage
  2544 | D        | Bought a shiny plate armour for 676 gold pieces
  2559 | D        | Bought a lightning rod (4/4) for 390 gold pieces
  2568 | D        | Bought a potion of ambrosia for 88 gold pieces
  2572 | D        | Bought a pair of faintly glowing gloves for 171 gold pieces
  2572 | D        | Identified the +0 pair of gloves "Otoeb" {Str+2} (You
                  | bought it in a shop in the Dungeon)
  2586 | D        | Bought a kite shield for 117 gold pieces
  2807 | D        | Bought a wand of charming (5) for 132 gold pieces
  2807 | D        | Bought a potion of invisibility for 88 gold pieces
  2996 | D        | Noticed a boulder beetle
  2998 | D        | Received a gift from Trog
  3001 | D        | Reached skill level 22 in Axes
  3001 | D        | Noticed a rakshasa
  3004 | D        | Noticed a rakshasa
  3005 | D        | Killed a boulder beetle
  3006 | D        | Killed a rakshasa
  3007 | D        | Received a gift from Trog
  3008 | D        | Noticed a spriggan air mage
  3014 | D        | Noticed an ice dragon
  3019 | D        | Killed a spriggan air mage
  3020 | D        | Reached skill level 23 in Axes
  3026 | D        | Killed a rakshasa
  3040 | D        | Killed an ice dragon
  3052 | D        | Noticed a stone giant
  3057 | D        | Killed a stone giant
  3064 | D        | Noticed an ettin
  3068 | D        | Killed an ettin
  3781 | D        | Noticed a nagaraja
  3781 | D        | Noticed a naga warrior
  3781 | D        | Noticed a naga warrior
  3783 | D        | Received a gift from Trog
  3788 | D        | Killed a naga warrior
  3797 | D        | Killed a nagaraja
  3797 | D        | Received a gift from Trog
  3798 | D        | Reached XP level 13. HP: 54/137 MP: 12/12
  3807 | D        | Reached skill level 24 in Axes
  4182 | D        | Noticed an eleionoma
  4182 | D        | Noticed a bunyip
  4185 | D        | Noticed a fenstrider witch
  4186 | D        | Killed an eleionoma
  4186 | D        | Received a gift from Trog
  4187 | D        | Killed a bunyip
  4188 | D        | Noticed a thorn hunter
  4190 | D        | Paralysed by a fenstrider witch for 4 turns
  4190 | D        | Noticed a bunyip
  4196 | D        | Killed a fenstrider witch
  4199 | D        | Killed a thorn hunter
  4207 | D        | Killed a bunyip
  4476 | D        | Noticed a merfolk impaler
  4480 | D        | Killed a merfolk impaler
  4486 | D        | Received a gift from Trog
  4518 | D        | Reached skill level 25 in Axes
  4518 | D        | Noticed an entropy weaver
  4542 | D        | Received a gift from Trog
  4542 | D        | Killed an entropy weaver
  4543 | D        | Reached skill level 10 in Evocations
  5102 | D        | Noticed a fire giant
  5102 | D        | Noticed a fire dragon
  5102 | D        | Noticed a white very ugly thing
  5107 | D        | Slain by a white very ugly thing

Illustrated notes

Levels and vault maps discovered:
D:        linesprint [early_d, line_temple, items_1, d_10, items_2, lair_1,
          lair_end, items_3, orc_1, orc_end, items_4, d_15, swamp_1, shoals_1,
          snake_1, spider_1, d_20, vaults_1, items_5, swamp_end, shoals_end,
          snake_end, spider_end, vaults_end, d_27, items_6, zot_1, zot_end,
          crypt_end, forest_end, elf_end, slime_end, tomb_end, abyss_end,
          pan_hell_end]

Skill      XL: |  1  2  3  4  5  6  7  8  9 10 11 12 13 |
---------------+----------------------------------------+-----
Fighting       | 5 7 8 9 10 11 13 14 15 17 19 20 | 20.6
Armour         | 5 6 8 9 10 12 13 14 16 18 19 | 19.4
Shields        | 5 6 7 9 10 12 13 14 15 16 18 | 18.8
Dodging        | 1 2 3 4 5 7 8 |  8.9
Axes           | 5 7 10 13 15 18 21 23 25 | 25.3
Evocations     | 1 2 3 5 6 7 10 | 10.3
Stealth        | 1 2 |  2.6

Action                   |  1- 3 |  4- 6 |  7- 9 | 10-12 | 13-15 || total
-------------------------+-------+-------+-------+-------+-------++-------
Melee: War axe           |    13 |    13 |    13 |   144 |       ||   183
       Headbutt          |     3 |     2 |     4 |    28 |    10 ||    47
       Broad axe         |       |       |       |     5 |    34 ||    39
Invok: Berserk           |       |       |     1 |     2 |       ||     3
       Brothers in Arms  |       |       |       |     7 |     4 ||    11
       Trog's Hand       |       |       |       |       |     2 ||     2
Evoke: Wand              |       |     3 |     4 |     3 |     2 ||    12
       Lightning rod     |       |       |       |    17 |    20 ||    37
  Use: Potion            |     1 |     5 |       |     5 |     5 ||    16
       Scroll            |       |       |       |     7 |       ||     7
Armor: Scale mail        |     5 |     9 |    10 |    35 |       ||    59
       Shadow dragon sca |       |       |       |    14 |    20 ||    34
Dodge: Dodged            |     5 |     7 |     4 |    65 |    16 ||    97
Block: Buckler           |     2 |     3 |     6 |    28 |       ||    39
       Kite shield       |       |       |       |    30 |    33 ||    63
